 Dungeon Crawl Stone Soup version 0.27-a0-1139-g28e009f8a6 (webtiles) character file.

Game seed: 14203614949297397305

50 HoaS the Bolt Thrower (level 4, -1/26 HPs)
             Began as a Kobold Hunter on May 7, 2021.
             Slain by Grinder (3 damage)
             ... while paralysed by Grinder
             ... on level 3 of the Dungeon.
             The game lasted 00:04:41 (1838 turns).

HoaS the Bolt Thrower (Kobold Hunter)               Turns: 1838, Time: 00:04:41

Health: -1/26      AC:  6    Str: 10    XL:     4   Next: 4%
Magic:  4/4        EV:  3    Int: 12    God:
Gold:   166        SH:  0    Dex: 15    Spells: 3/3 levels left

rFire    . . .     SeeInvis .   q - +2 short sword
rCold    . . .     Faith    .   (shield restricted)
rNeg     . . .     Spirit   .   e - +0 scale mail
rPois    .         Reflect  .   (no helmet)
rElec    .         Harm     .   (no cloak)
rCorr    .         Rampage  .   (no gloves)
Will     .....                  (no boots)
Stlth    +.........             (no amulet)
HPRegen  0.08/turn              (no ring)
MPRegen  0.09/turn              (no ring)

@: paralysed
A: small, no large weapons, nightstalker 3
a: no special abilities


You were on level 3 of the Dungeon.
You visited 1 branch of the dungeon, and saw 3 of its levels.

You collected 166 gold pieces.

Inventory:

Hand Weapons
 q - a +2 short sword (weapon)
 w - a +1 hand crossbow
Missiles
 d - 39 bolts
Armour
 e - a +0 scale mail (worn)
Scrolls
 b - 2 scrolls of teleportation
Potions
 c - a potion of curing
 f - a potion of mutation {unknown}
 h - a potion of haste {unknown}


   Skills:
 - Level 2.1 Fighting
 + Level 2.2 Short Blades
 * Level 6.0 Crossbows
 - Level 2.4 Dodging
 - Level 1.3 Stealth


You had 3 spell levels left.
You didn't know any spells.
Your spell library was empty.

Dungeon Overview and Level Annotations

Branches:
Dungeon (3/15)

Altars:
Fedhas

Annotations:
D:3 1 runed translucent door, Crazy Yiuf, Grinder


Innate Abilities, Weirdness & Mutations

You are small and have problems with some larger weapons.
You are completely attuned to the shadows.


Message History

You start removing your armour.
You continue taking off your +0 chain mail. x4
You finish taking off your +0 chain mail.
You start putting on your armour.
You continue putting on your +0 scale mail. x5
You finish putting on your +0 scale mail.
Drop what? 9/52 slots (_ for help) (? for menu, Esc to quit)
You drop a +0 chain mail.
You now have 166 gold pieces (gained 12).
Found 24 stones.
You see here 24 stones.
Found a blossoming altar of Fedhas.
Grinder comes into view.
Grinder shouts!
w - a +1 hand crossbow (weapon)
You shoot a bolt. The bolt closely misses Grinder.
Grinder blinks!
You shoot a bolt. The bolt hits Grinder!
Grinder is lightly wounded.
q - a +2 short sword (weapon)
Grinder hits you but does no damage.
Okay, then.
You hit Grinder but do no damage.
Grinder is lightly wounded.
Grinder gestures at you. Pain shoots through your body!
You hit Grinder.
Grinder is moderately wounded.
Grinder barely misses you.
You hit Grinder.
Grinder is moderately wounded.
Grinder hits you.
You writhe in agony.
You hit Grinder.
Grinder is heavily wounded.
Grinder blinks!
Grinder gestures at you.
You suddenly lose the ability to move!
Grinder hits you!
* * * LOW HITPOINT WARNING * * *
Grinder hits you.
You die...

.........
#.#####
........#
#......
.......##
#.#####
..#....#
####.#
.....#
.###.###
##...#
#.##.5..#
.(..@_....
###.(..##.#
#...## .#
###.# ..


You could see Grinder.

Vanquished Creatures
  4 dart slugs
  8 ball pythons
  6 endoplasms
  2 giant cockroaches
  3 goblins
  7 hobgoblins
  2 kobolds
  A bat (D:3)
  2 frilled lizards
35 creatures vanquished.

Vanquished Creatures (others)
  A fungus (D:3)
1 creature vanquished.

Grand Total: 36 creatures vanquished

Notes
Turn   | Place    | Note
-------+----------+-------------------------------------------
     0 | D:1      | HoaS the Kobold Hunter began the quest for the Orb.
     0 | D:1      | Reached XP level 1. HP: 12/12 MP: 1/1
    87 | D:1      | Found a faded altar of an unknown god.
   214 | D:1      | Reached skill level 5 in Crossbows
   228 | D:1      | Reached skill level 1 in Short Blades
   228 | D:1      | Reached XP level 2. HP: 13/17 MP: 2/2
   827 | D:2      | Reached XP level 3. HP: 21/21 MP: 3/3
  1537 | D:3      | Found a runed translucent door.
  1540 | D:3      | Noticed Crazy Yiuf
  1719 | D:3      | Reached skill level 6 in Crossbows
  1719 | D:3      | Reached XP level 4. HP: 26/26 MP: 4/4
  1821 | D:3      | Found a blossoming altar of Fedhas.
  1826 | D:3      | Noticed Grinder
  1835 | D:3      | Paralysed by Grinder for 6 turns
  1838 | D:3      | Slain by Grinder

Illustrated notes

Levels and vault maps discovered:
D:1:      dpeg_arrival_fog, layout_basic, shapermc_ecumenical_altar_hornbeckon
D:2:      layout_rooms, st_stairs_12, serial_bayou_pond_c
D:3:      layout_rooms, nicolae_overflow_crystal_walls, minmay_crystal_room,
          mrwooster_statue_mirror, minmay_fractal_squares_gapless_5,
          uniq_grinder, uniq_crazy_yiuf_cottage

Skill      XL: |  1  2  3 |
---------------+----------+-----
Crossbows      | 5 6 |  6.0
Short Blades   | 1 2 |  2.2
Fighting       | |  2.1
Dodging        | |  2.4
Stealth        | |  1.3

Action                   |  1- 3 |  4- 6 || total
-------------------------+-------+-------++-------
Melee: Short sword       |   101 |     5 ||   106
 Fire: Hand crossbow     |       |     2 ||     2
  Use: Scroll            |     7 |     2 ||     9
 Stab: Sleeping          |     8 |       ||     8
Armor: Ring mail         |     8 |       ||     8
       Leather armour    |     2 |       ||     2
       Scale mail        |    23 |     1 ||    24
Dodge: Dodged            |    41 |     1 ||    42

Table legend: (Time is in decaauts)
 A = Elapsed time spent in this place.
 B = Non-inter-level travel time spent in this place.
 C = Inter-level travel time spent in this place.
 D = Time resting spent in this place.
 E = Time spent auto-exploring this place.
 F = Levels seen in this place.
 G = Mean time per level.
                   A        B        C        D        E       F      G
               +--------+--------+--------+--------+--------+-----+--------+
         Total |   1851 |   1742 |    109 |    201 |   1240 |   3 |  617.0 |
       Dungeon |   1851 |   1742 |    109 |    201 |   1240 |   3 |  617.0 |
               +--------+--------+--------+--------+--------+-----+--------+

Top non-repeatable levels by time:
     D:1: 787 daAuts
     D:2: 671 daAuts
     D:3: 392 daAuts
